 Dungeon Crawl Stone Soup version 0.29-a0-380-gf50f0a9fbc (webtiles) character file.

Game seed: 11751297407959716654

6528 Antichthon the Protected (level 11, -15/70 (86) HPs)
             Began as a Formicid Abyssal Knight on May 5, 2022.
             Was a High Priest of Lugonu.
             Killed from afar by Josephine (32 damage)
             ... with a ghostly fireball
             ... on level 10 of the Dungeon.
             The game lasted 00:19:50 (9350 turns).

Antichthon the Protected (Formicid Abyssal Knight)  Turns: 9350, Time: 00:19:52

HP:   -15/70 (86)   AC: 10    Str: 18    XL:     11   Next: 20%
MP:   13/15         EV: 27    Int: 12    God:    Lugonu [*****.]
Gold: 741           SH: 25    Dex: 30    Spells: 10/10 levels left

rFire   + . .      SeeInvis +   b - +0 great sword
rCold   + + .      Faith    .   j - +6 tower shield of Fulath {rCorr Dex+3}
rNeg    . . .      Spirit   .   t - +2 ring mail {rC+}
rPois   .          Reflect  .   (helmet unavailable)
rElec   .          Harm     .   c - scarf {rC+ rF+}
rCorr   +          Rampage  .   i - +0 pair of gloves
Will    +....                   (no boots)
Stlth   +++.......              D - amulet of the acrobat
HPRegen 0.21/turn               o - +6 ring of dexterity
MPRegen 0.14/turn               w - +6 ring of dexterity

@: acrobatic, heavily drained
A: permanent stasis, dig shafts and tunnels, antennae 3, four strong arms,
clever 1, MP-powered wands
a: Dig, Shaft Self, Renounce Religion, Depart the Abyss, Bend Space, Banish,
Corrupt, Enter the Abyss


You were on level 10 of the Dungeon.
You worshipped Lugonu.
Lugonu was extremely pleased with you.
You visited 1 branch of the dungeon, and saw 10 of its levels.
You visited the Abyss 1 time.
You also visited: Ossuary.

You collected 780 gold pieces.
You spent 39 gold pieces at shops.

Inventory:

Hand Weapons
 a - a +0 hand crossbow
 b - a +0 great sword (weapon)
 y - the +4 long sword of Hun Kub {pain, Int+7}
   (You found it on level 5 of the Dungeon)

   In the hands of one skilled in necromantic magic, it inflicts extra damage on
   living creatures.
   Int:       It affects your intelligence (+7).
 H - the +9 whip of Demonkind {vorpal, rElec Int+4}
   (You found it on level 7 of the Dungeon)

   It inflicts extra damage upon your enemies.
   Int:       It affects your intelligence (+4).
   rElec:     It insulates you from electricity.
 N - the +12 war axe "Itzon" {venom, rPois Will- rCorr Dex+5}
   (You acquired it on level 1 of the Dungeon)

   It poisons the flesh of those it strikes.
   Dex:       It affects your dexterity (+5).
   rPois:     It protects you from poison.
   rCorr:     It protects you from acid and corrosion.
   Will:      It decreases your willpower.
Missiles
 G - 2 throwing nets
Armour
 c - a scarf of resistance (worn)
 i - a +0 pair of gloves (worn)
 j - the +6 tower shield of Fulath (worn) {rCorr Dex+3}
   (You acquired it in an ossuary)

   Dex:       It affects your dexterity (+3).
   rCorr:     It protects you from acid and corrosion.
 t - a +2 ring mail of cold resistance (worn)
Jewellery
 m - a +6 ring of intelligence
 o - a +6 ring of dexterity (left hand)
 w - a +6 ring of dexterity (right hand)
 D - an amulet of the acrobat (around neck)
 L - a ring of magical power
Wands
 n - a wand of polymorph (13)
 K - a wand of iceblast (19)
Scrolls
 d - 2 scrolls of fog
 e - 2 scrolls of vulnerability {unknown}
 g - 2 scrolls of brand weapon {unknown}
 l - 2 scrolls of poison {unknown}
 p - a scroll of magic mapping {unknown}
 s - a scroll of immolation {unknown}
 x - 3 scrolls of enchant weapon
 C - 2 scrolls of noise {unknown}
 E - a scroll of amnesia {unknown}
 F - 2 scrolls of enchant armour {unknown}
 I - 2 scrolls of blinking {unknown}
 J - a scroll of silence {unknown}
Potions
 f - 6 potions of might
 h - a potion of flight
 k - 3 potions of resistance {unknown}
 q - a potion of ambrosia {unknown}
 r - 2 potions of heal wounds
 u - 5 potions of lignification
 v - 2 potions of haste {unknown}
 z - 3 potions of brilliance
 A - 4 potions of attraction {unknown}
 B - 5 potions of curing
 M - a potion of invisibility {unknown}


   Skills:
 * Level 8.1 Fighting
 * Level 5.3 Long Blades
 * Level 4.5 Crossbows
 * Level 8.7 Armour
 * Level 3.9 Dodging
 * Level 6.1 Stealth
 * Level 6.8 Shields
 * Level 5.6 Invocations
 * Level 4.7 Evocations


You had 10 spell levels left.
You didn't know any spells.
Your spell library contained the following spells:

 Spells                   Type           Power      Damage    Failure   Level
 Conjure Flame            Conj/Fire      0%         6-21      100%        3
 Ignite Poison            Fire/Tmut/Pois 0%         N/A       100%        3
 Sticky Flame             Conj/Fire      0%         2d3       100%        4


Dungeon Overview and Level Annotations

Branches:
Dungeon (10/15)            Temple (0/1) D:5            Lair (0/6) D:8
Ossuary (visited)
    Orc: D:9-12

Altars:
Dithmenos
Ru
Sif Muna
Uskayaw
Yredelemnul

Shops:
D:5 *

Annotations:
D:7 3 runed translucent doors, RandomusNamus's ghost, novice FoFi; indyram44's ghost, novice FoFi
D:10 Josephine


Innate Abilities, Weirdness & Mutations

You cannot be hasted, slowed, berserked, paralysed or teleported.
You can dig through walls and to a lower floor.
You have a pair of large antennae on your head. (SInv)
Your four strong arms can wield two-handed weapons with a shield.
Your mind is acute. (Int +2)
You expend magic power (3 MP) to strengthen your wands.


Message History

Josephine is heavily wounded.
The wraith hits you. The wraith hits you but does no damage.
Josephine casts a spell at you.
The ghostly flame explodes!
The ghostly fireball engulfs you!!
You feel drained.
* * * LOW HITPOINT WARNING * * *
The ghostly fireball engulfs Josephine.
Josephine completely resists.
The ghostly fireball engulfs the wraith.
The wraith completely resists.
The ghostly fireball engulfs the wraith.
The wraith completely resists.
You block the wraith's attack. Josephine casts a spell at you.
The ghostly flame explodes!
The ghostly fireball engulfs you!
You feel drained.
* * * LOW HITPOINT WARNING * * *
The ghostly fireball engulfs Josephine.
Josephine completely resists.
The ghostly fireball engulfs the wraith.
The wraith completely resists.
The ghostly fireball engulfs the wraith.
The wraith completely resists.
The wraith hits you but does no damage.
Unknown command.
Okay, then.
Okay, then.
Okay, then.
You feel much better. You block the wraith's attack. The wraith hits you!
The wraith drains your vigour!
Your stasis prevents you from being slowed.
You block Josephine's attack. Space bends violently around you!
You blink.
The wraith blinks! x2
You block the wraith's attack. The wraith closely misses you.
Space bends violently around you!
You blink.
The wraith hits you.
* * * LOW HITPOINT WARNING * * *
The wraith drains your vigour!
Your stasis prevents you from being slowed.
Josephine gestures at you while chanting.
The ghostly flame explodes!
The ghostly fireball engulfs the wraith.
The wraith completely resists.
The ghostly fireball engulfs you!!
You feel drained.
You die...

#...+ ... #...# ...
#...# .... #...# .
..... #...# ..
.....##...# ...
..........#+#####....
...........@W........
.......<@W.W[........
..........W..ยง..##...
................# .
...........###.....
............. .......
..............=......
#####################


You could see Josephine (empowered) and 4 wraiths.

Vanquished Creatures
  A two-headed ogre (D:9)
  An unseen horror (D:8)
  Psyche (D:8)
  Sigmund (D:5)
  A wraith (D:10)
  2 wyverns
  A steam dragon (D:8)
  4 vampire mosquitoes (D:7)
  3 wargs (D:8)
  Edmund (D:5)
  2 water moccasins
  3 orc warriors
  2 black bears
  A meliai simulacrum (D:9)
  2 sky beasts
  A centaur (D:6)
  A phantom (D:6)
  2 kobold brigands
  Blork the orc (D:4)
  2 bullfrogs (D:8)
  2 necrophages (D:6)
  3 scorpions
  9 wights
  8 killer bees (D:9)
  4 howler monkeys (D:9)
  6 hounds
  5 orc priests
  Natasha (thrice) (D:3)
  2 iguanas
  A scorpion zombie (D:5)
  8 orc wizards
  A hound zombie (D:5)
  8 mummies (Ossuary)
  7 adders
  8 gnolls
  A shadow imp (D:8)
  A white imp (D:8)
  An ufetubus (D:5)
  3 worms
  A dart slug (D:1)
  23 orcs
  7 endoplasms
  4 giant cockroaches
  4 hobgoblins
  6 jackals (D:1)
  22 kobolds
  6 quokkas
  6 ball pythons
  2 bats
  3 frilled lizards
  5 goblins
  3 hobgoblin zombies (Ossuary)
  4 kobold zombies (Ossuary)
  An orc zombie (Ossuary)
  5 rats
216 creatures vanquished.

Vanquished Creatures (others)
  A plant (D:8)
1 creature vanquished.

Grand Total: 217 creatures vanquished

Notes
Turn   | Place    | Note
-------+----------+-------------------------------------------
     0 | Abyss:1  | Antichthon the Formicid Abyssal Knight began the quest for
                  | the Orb.
     0 | Abyss:1  | Reached XP level 1. HP: 18/18 MP: 2/2
     0 | D:1      | Escaped the Abyss
    36 | D:1      | Reached skill level 1 in Dodging
   163 | D:1      | Reached XP level 2. HP: 14/24 MP: 3/3
   619 | D:1      | Reached XP level 3. HP: 30/30 MP: 4/4
   727 | D:1      | Reached skill level 1 in Stealth
   774 | D:1      | Identified a scroll of acquirement
   774 | D:1      | Acquired the +12 war axe "Itzon" {venom, rPois Will- rCorr
                  | Dex+5}
  1309 | D:2      | Reached XP level 4. HP: 37/37 MP: 5/5
  1334 | D:2      | Reached skill level 1 in Crossbows
  1573 | D:2      | Reached XP level 5. HP: 42/42 MP: 6/6
  1858 | D:2      | Reached skill level 1 in Shields
  2238 | D:3      | Noticed Natasha
  2244 | D:3      | Killed Natasha
  2244 | D:3      | Reached *** piety under Lugonu
  2605 | D:3      | Noticed Natasha
  2610 | D:3      | Killed Natasha
  2611 | D:3      | Reached skill level 1 in Evocations
  2611 | D:3      | Reached XP level 6. HP: 49/49 MP: 7/7
  3057 | D:3      | Noticed Natasha
  3058 | D:3      | Killed Natasha
  3077 | D:4      | Found a hide-covered altar of Uskayaw.
  3147 | D:4      | Noticed a sky beast
  3160 | D:4      | Killed a sky beast
  3161 | D:4      | Reached skill level 5 in Fighting
  3161 | D:4      | Reached XP level 7. HP: 55/56 MP: 9/9
  3289 | D:4      | Noticed Blork the orc
  3295 | D:4      | Killed Blork the orc
  3423 | D:4      | Found a shadowy altar of Dithmenos.
  3472 | D:4      | Found a shimmering blue altar of Sif Muna.
  3531 | D:5      | Entered Level 5 of the Dungeon
  3533 | D:5      | Noticed Sigmund
  3539 | D:5      | Killed Sigmund
  3540 | D:5      | Reached XP level 8. HP: 62/62 MP: 10/10
  3597 | D:5      | Found a staircase to the Ecumenical Temple.
  3632 | D:5      | Identified the +4 long sword of Hun Kub {pain, Int+7}
  3806 | D:5      | Reached skill level 5 in Armour
  3821 | D:5      | Found Cceivvy's Commerce Corner.
  3916 | D:5      | Bought a potion of curing for 39 gold pieces
  4147 | D:5      | Found a basalt altar of Yredelemnul.
  4400 | D:6      | Noticed Edmund
  4418 | D:5      | Killed Edmund
  4476 | D:6      | Reached XP level 9. HP: 49/69 MP: 6/11
  4477 | D:6      | Reached **** piety under Lugonu
  4771 | D:6      | Gained mutation: You are weak. (Str -2) [potion of
                  | mutation]
  4771 | D:6      | Gained mutation: You have sharp toenails. [potion of
                  | mutation]
  4772 | D:6      | Lost mutation: You are weak. (Str -2) [potion of mutation]
  4772 | D:6      | Lost mutation: You have sharp toenails. [potion of
                  | mutation]
  4772 | D:6      | Gained mutation: You are covered in fur. (AC +1) [potion of
                  | mutation]
  4772 | D:6      | Gained mutation: You have a beak for a mouth. [potion of
                  | mutation]
  5526 | D:7      | Identified the +9 whip of Demonkind {vorpal, rElec Int+4}
  5620 | D:7      | Lost mutation: You have a beak for a mouth. [potion of
                  | mutation]
  5620 | D:7      | Lost mutation: You are covered in fur. (AC +1) [potion of
                  | mutation]
  5620 | D:7      | Gained mutation: You expend magic power (3 MP) to
                  | strengthen your wands. [potion of mutation]
  5620 | D:7      | Gained mutation: Your mind is acute. (Int +2) [potion of
                  | mutation]
  5957 | D:7      | Reached XP level 10. HP: 79/79 MP: 13/13
  6424 | D:7      | Found a runed translucent gate.
  6425 | D:7      | Found a runed translucent gate.
  6426 | D:7      | Found a runed translucent gate.
  6429 | D:7      | Noticed RandomusNamus's ghost (novice FoFi)
  6429 | D:7      | Noticed indyram44's ghost (novice FoFi)
  6614 | D:8      | Found a staircase to the Lair.
  6907 | D:8      | Found a sand-covered staircase.
  6912 | Ossuary  | Entered an ossuary
  7142 | Ossuary  | Acquired the +6 tower shield of Fulath {rCorr Dex+3}
  7183 | D:8      | Noticed Psyche
  7189 | D:8      | Killed Psyche
  7481 | D:8      | Reached skill level 5 in Stealth
  7514 | D:8      | Reached ***** piety under Lugonu
  7583 | D:8      | Reached skill level 5 in Invocations
  7587 | D:8      | Noticed an unseen horror
  7601 | D:8      | Killed an unseen horror
  7602 | D:8      | Reached skill level 5 in Shields
  8068 | D:9      | Noticed a two-headed ogre
  8072 | D:9      | Found a sacrificial altar of Ru.
  8445 | D:9      | Reached skill level 5 in Long Blades
  8484 | D:9      | Killed a two-headed ogre
  8485 | D:9      | Reached XP level 11. HP: 86/86 MP: 13/15
  9330 | D:10     | Entered Level 10 of the Dungeon
  9340 | D:10     | Noticed Josephine
  9350 | D:10     | Killed from afar by Josephine

Illustrated notes

Levels and vault maps discovered:
D:1:      ebering_trefoil_3fold, layout_basic, chequers_arboretum
D:2:      layout_basic, dreamdust_wishing_well, dk_noncrumbling_4, minivault_11
D:3:      layout_basic, uniq_natasha
D:4:      layout_cave_pools, mainiacjoe_overflow_big_doors,
          nicolae_uskayaw_murder_on_the_dancefloor, uniq_blork_the_orc
D:5:      layout_loops_ring, lemuel_zombie_altar_yredelemnul,
          minmay_temple_entry_wispy, grunt_ministairs_11,
          nicolae_alphabet_shops, uniq_sigmund
D:6:      layout_basic, uniq_edmund
D:7:      layout_loops_ring, gammafunk_ghost_cemetery
D:8:      layout_loops_corners, erik_lair_orcish_takeover, enter_ossuary_2,
          uniq_psyche
D:9:      layout_stronghold, nicolae_ru_awakened_eye
D:10:     layout_stronghold, lemuel_doored_altar, minivault_23, uniq_nergalle,
          uniq_josephine

Skill      XL: |  1  2  3  4  5  6  7  8  9 10 11 |
---------------+----------------------------------+-----
Dodging        | 1 2 3 |  3.9
Stealth        | 1 2 3 4 5 6 |  6.1
Fighting       | 4 5 6 7 8 |  8.1
Crossbows      | 1 2 3 4 |  4.5
Shields        | 1 2 3 6 |  6.8
Armour         | 3 4 6 7 8 |  8.7
Evocations     | 1 2 3 4 |  4.7
Long Blades    | 3 4 5 |  5.3
Invocations    | 3 4 5 |  5.6

Action                   |  1- 3 |  4- 6 |  7- 9 | 10-12 || total
-------------------------+-------+-------+-------+-------++-------
Melee: Falchion          |    54 |       |       |       ||    54
       War axe           |    21 |    78 |   141 |   147 ||   387
       Peck              |       |       |     9 |       ||     9
       Great sword       |       |       |       |    14 ||    14
 Fire: Hand crossbow     |       |       |       |    13 ||    13
Invok: Depart the Abyss  |     1 |       |       |       ||     1
       Bend Space        |       |       |       |     4 ||     4
  Use: Scroll            |     3 |     3 |     2 |     4 ||    12
       Potion            |       |       |     3 |     4 ||     7
 Stab: Sleeping          |     2 |       |     1 |     6 ||     9
       Distracted        |       |       |       |     1 ||     1
Armor: Leather armour    |    20 |       |       |       ||    20
       Scale mail        |     3 |     9 |       |       ||    12
       Chain mail        |       |    38 |    57 |       ||    95
       Ring mail         |       |       |     3 |    37 ||    40
Dodge: Dodged            |    62 |    42 |    93 |    85 ||   282
Block: Buckler           |       |       |    34 |    36 ||    70
       Tower shield      |       |       |       |   163 ||   163

Table legend: (Time is in decaauts)
 A = Elapsed time spent in this place.
 B = Non-inter-level travel time spent in this place.
 C = Inter-level travel time spent in this place.
 D = Time resting spent in this place.
 E = Time spent auto-exploring this place.
 F = Levels seen in this place.
 G = Mean time per level.
                   A        B        C        D        E       F      G
               +--------+--------+--------+--------+--------+-----+--------+
         Total |   9592 |   9198 |    394 |    351 |   6438 |  12 |  799.3 |
       Dungeon |   9316 |   8922 |    394 |    351 |   6438 |  10 |  931.6 |
         Abyss |      0 |      0 |      0 |      0 |      0 |   1 |    0.0 |
       Ossuary |    276 |    276 |      0 |      0 |      0 |   1 |  276.0 |
               +--------+--------+--------+--------+--------+-----+--------+

Top non-repeatable levels by time:
     D:7: 1427 daAuts
     D:8: 1280 daAuts
     D:9: 1203 daAuts
     D:1: 1103 daAuts
     D:3: 994 daAuts
     D:2: 984 daAuts
     D:5: 946 daAuts
     D:6: 833 daAuts
     D:4: 517 daAuts
 Ossuary: 276 daAuts
    D:10: 23 daAuts
